Canucks vs Ducks

Created - October 16 2007 at 19:22

Goals
1 2 3 T
Canucks 1 0 1 2
Ducks 0 1 3 4
Shots
1 2 3 T
Canucks 8 7 8 23
Ducks 7 7 15 29

Period #1

1. Canucks , Erik Christensen 2 (Ed Jovanovski, Robert Lang) at 4:00 (PP)

Penalities :
Mike Fisher (ANA) for Holding Stick (Minor) at 2:33, Patrick Marleau (ANA) for Hooking (Minor) at 5:43, Mike Sillinger (ANA) for Roughing (Minor) at 8:03, Jean-Sebastien Giguere (ANA) for Slashing (Minor) at 18:31 - Bryan Allen served the penalty.

Period #2

2. Ducks , Marek Malik 1 (Petr Cajanek, Mike Sillinger) at 11:18

Penalities :
Andrew Brunette (ANA) for Hooking (Minor) at 2:53, Petr Cajanek (ANA) for Holding (Minor) at 6:19, Dustin Brown (VAN) for Roughing (Minor) at 8:45, Mike Fisher (ANA) for Holding (Minor) at 12:06, Francois Beauchemin (ANA) for Hooking (Minor) at 14:24, Sergei Fedorov (VAN) for Hooking (Minor) at 19:05

Period #3

3. Ducks , Andy Mcdonald 3 (Patrick Marleau) at 0:08 (PP)
4. Canucks , Sergei Fedorov 2 (Pierre-Marc Bouchard, Steven Reinprecht) at 6:18 (PP)
5. Ducks , Tuomo Ruutu 1 (Petr Cajanek, Mike Sillinger) at 7:58
6. Ducks , Scott Niedermayer 1 (Patrick Marleau, Mike Fisher) at 12:49 (PP)

Penalities :
Chris Kunitz (ANA) for Kneeing (Major) at 1:27, Steven Reinprecht (VAN) for Goalie Interference (Minor) at 12:21, Dustin Brown (VAN) for Hooking (Minor) at 13:50, Sergei Fedorov (VAN) for Interference (Minor) at 16:00, Chris Kunitz (ANA) for Tripping (Minor) at 19:35

Goalie Stats

Evgeni Nabokov (VAN), 25 saves from 29 shots - (0.862), L, 4-6-0, 60:00 minutes
Jean-Sebastien Giguere (ANA), 21 saves from 23 shots - (0.913), W, 5-2-0, 60:00 minutes

Players Stats

Canucks
Player Name              G  A  P  +/- PIM S  H  SB FO MP 
-----------------------------------------------------------
Alexei Kovalev           0  0  0  -1  0   1  1  0  3  13 
Anders Eriksson          0  0  0   0  0   0  0  1  0  19 
Brad Richardson          0  0  0  -1  0   0  0  1  0  10 
Dustin Brown             0  0  0   0  4   4  4  0  1  20 
Ed Jovanovski            0  1  1   0  0   1  0  1  0  17 
Erik Christensen         1  0  1  -1  0   3  3  0  0  18 
Joe Pavelski             0  0  0  -1  0   0  1  0  20 15 
Kevin Bieksa             0  0  0   0  0   2  0  1  0  22 
Lukas Krajicek           0  0  0   0  0   0  0  2  0  17 
Martin Skoula            0  0  0  -1  0   0  1  2  0  10 
Pierre-Marc Bouchard     0  1  1  -1  0   0  0  0  0  20 
Radek Bonk               0  0  0   0  0   1  0  0  22 17 
Richard Park             0  0  0   0  0   3  3  0  2  17 
Robert Lang              0  1  1   0  0   3  1  0  19 18 
Ryan Whitney             0  0  0  -2  0   0  0  1  0  23 
Sergei Fedorov           1  0  1  -1  4   3  2  0  0  19 
Stephen Weiss            0  0  0  -1  0   2  1  1  16 18 
Steven Reinprecht        0  1  1   0  2   0  0  0  1  17 
Ducks
Player Name              G  A  P  +/- PIM S  H  SB FO MP 
-----------------------------------------------------------
Andrew Brunette          0  0  0   0  2   6  1  0  2  16 
Andy Mcdonald            1  0  1   0  0   4  0  1  18 14 
Bryan Allen              0  0  0   0  0   0  2  1  0  23 
Chris Kunitz             0  0  0   0  7   1  2  0  1  16 
Chris Pronger            0  0  0   0  0   0  0  2  0  24 
Francois Beauchemin      0  0  0   0  2   0  0  1  0  19 
Hal Gill                 0  0  0   2  0   0  0  5  0  20 
Marek Malik              1  0  1   2  0   1  0  1  0  22 
Mike Fisher              0  1  1   0  4   1  5  1  2  21 
Mike Sillinger           0  2  2   2  2   1  0  0  0  11 
Patrick Marleau          0  2  2   0  2   5  3  0  3  17 
Paul Stastny             0  0  0   0  0   5  4  2  16 17 
Petr Cajanek             0  2  2   2  2   2  1  0  12 11 
Samuel Pahlsson          0  0  0   0  0   0  0  1  11 13 
Scott Niedermayer        1  0  1   0  0   1  0  0  0  18 
Todd Marchant            0  0  0   0  0   0  0  0  19 14 
Travis Green             0  0  0   0  0   1  1  0  0  12 
Tuomo Ruutu              1  0  1   2  0   1  0  0  0  11 

3 Stars

1 - Petr Cajanek (ANA)
2 - Marek Malik (ANA)
3 - Mike Sillinger (ANA)

Power Play

Canucks - 2 on 10 Attempt(s) - 20.00%
Ducks - 2 on 5 Attempt(s) - 40.00%

Penalty Kill

Canucks - 3 on 5 Attempt(s) - 60.00% - Score 0 goal in Penalty Kill
Ducks - 8 on 10 Attempt(s) - 80.00% - Score 0 goal in Penalty Kill

Game Notes

No Game Note

Finance

Level 1 -- Attendance: 3844 (64.06%) -- Ticket Income $384,400.00
Level 2 -- Attendance: 2946 (70.58%) -- Ticket Income $176,760.00
Level 3 -- Attendance: 1724 (86.22%) -- Ticket Income $60,340.00
Level 4 -- Attendance: 3709 (92.72%) -- Ticket Income $74,180.00
Luxury Box -- Attendance: 661 (66.08%) -- Ticket Income $132,200.00
Game was played at the Arrowhead Pond
Total Attendance: 12884 (75.02%)
Total Ticket Income: $879,328.30
Other Income: $177,484.80
Total Income: $1,056,813.00


Play by Play

Period #1

0:01 of 1st period - Andy Mcdonald wins face-off versus Stephen Weiss in neutral zone.
1:06 of 1st period - Shot by Paul Stastny.
1:06 of 1st period - Stopped by Evgeni Nabokov without a rebound.
1:07 of 1st period - Robert Lang wins face-off versus Petr Cajanek in Canucks zone.
2:00 of 1st period - Icing by Steven Reinprecht.
2:01 of 1st period - Paul Stastny wins face-off versus Robert Lang in Canucks zone.
2:24 of 1st period - Shot by Chris Kunitz.
2:24 of 1st period - Shot Blocked by Kevin Bieksa.
2:28 of 1st period - Shot by Andrew Brunette.
2:28 of 1st period - Stopped by Evgeni Nabokov with a rebound.
2:30 of 1st period - Shot by Andrew Brunette.
2:30 of 1st period - Stopped by Evgeni Nabokov without a rebound.
2:31 of 1st period - Andy Mcdonald wins face-off versus Radek Bonk in Canucks zone.
2:33 of 1st period - Minor Penalty to Mike Fisher for Holding Stick.
2:34 of 1st period - Todd Marchant wins face-off versus Joe Pavelski in Canucks zone.
2:46 of 1st period - Sergei Fedorov is hit by Travis Green and loses puck.
2:59 of 1st period - Shot by Sergei Fedorov.
2:59 of 1st period - Shot Misses the Net.
3:03 of 1st period - Shot by Sergei Fedorov.
3:03 of 1st period - Shot Blocked by Hal Gill.
3:05 of 1st period - Shot by Sergei Fedorov.
3:05 of 1st period - Shot Misses the Net.
3:42 of 1st period - Shot by Erik Christensen.
3:42 of 1st period - Stopped by Jean-Sebastien Giguere without a rebound.
3:43 of 1st period - Todd Marchant wins face-off versus Robert Lang in Ducks zone.
4:00 of 1st period - Shot by Erik Christensen.
4:00 of 1st period - Goal by Erik Christensen - Canucks : 1 - Ducks : 0.
4:01 of 1st period - Radek Bonk wins face-off versus Paul Stastny in neutral zone.
4:01 of 1st period - Radek Bonk is hit by Paul Stastny.
4:29 of 1st period - Shot by Dustin Brown.
4:29 of 1st period - Shot Misses the Net.
4:53 of 1st period - Francois Beauchemin is hit by Richard Park and loses puck.
4:59 of 1st period - Icing by Chris Pronger.
5:00 of 1st period - Joe Pavelski wins face-off versus Paul Stastny in Ducks zone.
5:00 of 1st period - Brad Richardson is hit by Paul Stastny and loses puck.
5:43 of 1st period - Minor Penalty to Patrick Marleau for Hooking.
5:44 of 1st period - Todd Marchant wins face-off versus Robert Lang in neutral zone.
6:25 of 1st period - Shot by Ed Jovanovski.
6:25 of 1st period - Shot Blocked by Mike Fisher.
8:03 of 1st period - Minor Penalty to Mike Sillinger for Roughing.
8:04 of 1st period - Alexei Kovalev wins face-off versus Samuel Pahlsson in neutral zone.
9:25 of 1st period - Shot by Sergei Fedorov.
9:25 of 1st period - Stopped by Jean-Sebastien Giguere with a rebound.
9:27 of 1st period - Shot by Sergei Fedorov.
9:27 of 1st period - Shot Misses the Net.
9:29 of 1st period - Shot by Pierre-Marc Bouchard.
9:29 of 1st period - Deflect By Stephen Weiss.
9:29 of 1st period - Shot Misses the Net.
9:33 of 1st period - Shot by Joe Pavelski.
9:33 of 1st period - Shot Misses the Net.
9:35 of 1st period - Shot by Pierre-Marc Bouchard.
9:35 of 1st period - Shot Blocked by Chris Pronger.
10:09 of 1st period - Shot by Alexei Kovalev.
10:09 of 1st period - Shot Misses the Net.
10:13 of 1st period - Shot by Richard Park.
10:13 of 1st period - Shot Misses the Net.
10:15 of 1st period - Shot by Radek Bonk.
10:15 of 1st period - Stopped by Jean-Sebastien Giguere with a rebound.
12:06 of 1st period - Shot by Mike Fisher.
12:06 of 1st period - Shot Misses the Net.
12:08 of 1st period - Shot by Patrick Marleau.
12:08 of 1st period - Stopped by Evgeni Nabokov without a rebound.
12:09 of 1st period - Paul Stastny wins face-off versus Richard Park in Canucks zone.
12:24 of 1st period - Shot by Andrew Brunette.
12:24 of 1st period - Shot Misses the Net.
12:28 of 1st period - Shot by Andrew Brunette.
12:28 of 1st period - Shot Misses the Net.
12:30 of 1st period - Shot by Paul Stastny.
12:30 of 1st period - Stopped by Evgeni Nabokov without a rebound.
12:31 of 1st period - Stephen Weiss wins face-off versus Andy Mcdonald in Canucks zone.
12:31 of 1st period - Pierre-Marc Bouchard is hit by Mike Fisher and loses puck.
12:46 of 1st period - Shot by Mike Fisher.
12:46 of 1st period - Shot Misses the Net.
12:54 of 1st period - Shot by Patrick Marleau.
12:54 of 1st period - Shot Misses the Net.
13:43 of 1st period - Shot by Robert Lang.
13:43 of 1st period - Shot Misses the Net.
13:47 of 1st period - Shot by Kevin Bieksa.
13:47 of 1st period - Shot Misses the Net.
13:51 of 1st period - Shot by Robert Lang.
13:51 of 1st period - Shot Misses the Net.
14:28 of 1st period - Mike Sillinger is hit by Dustin Brown and loses puck.
14:35 of 1st period - Shot by Tuomo Ruutu.
14:35 of 1st period - Shot Misses the Net.
14:39 of 1st period - Shot by Mike Sillinger.
14:39 of 1st period - Shot Blocked by Lukas Krajicek.
14:41 of 1st period - Shot by Mike Sillinger.
14:41 of 1st period - Shot Misses the Net.
14:49 of 1st period - Shot by Petr Cajanek.
14:49 of 1st period - Shot Misses the Net.
14:53 of 1st period - Shot by Mike Sillinger.
14:53 of 1st period - Stopped by Evgeni Nabokov without a rebound.
14:54 of 1st period - Joe Pavelski wins face-off versus Andy Mcdonald in Canucks zone.
14:54 of 1st period - Joe Pavelski is hit by Mike Fisher.
15:01 of 1st period - Off-side.
15:02 of 1st period - Andy Mcdonald wins face-off versus Stephen Weiss in neutral zone.
15:07 of 1st period - Stephen Weiss is hit by Patrick Marleau and loses puck.
15:36 of 1st period - Shot by Patrick Marleau.
15:36 of 1st period - Stopped by Evgeni Nabokov with a rebound.
16:12 of 1st period - Shot by Petr Cajanek.
16:12 of 1st period - Shot Misses the Net.
16:56 of 1st period - Shot by Dustin Brown.
16:56 of 1st period - Deflect By Richard Park.
16:56 of 1st period - Stopped by Jean-Sebastien Giguere without a rebound.
16:57 of 1st period - Paul Stastny wins face-off versus Joe Pavelski in Ducks zone.
17:02 of 1st period - Shot by Chris Pronger.
17:02 of 1st period - Shot Hit the Post.
17:04 of 1st period - Shot by Chris Pronger.
17:04 of 1st period - Shot Blocked by Martin Skoula.
17:21 of 1st period - Off-side.
17:22 of 1st period - Radek Bonk wins face-off versus Todd Marchant in neutral zone.
18:27 of 1st period - Shot by Pierre-Marc Bouchard.
18:27 of 1st period - Shot Misses the Net.
18:29 of 1st period - Shot by Erik Christensen.
18:29 of 1st period - Shot Misses the Net.
18:31 of 1st period - Shot by Stephen Weiss.
18:31 of 1st period - Stopped by Jean-Sebastien Giguere without a rebound.
18:31 of 1st period - Minor Penalty to Jean-Sebastien Giguere for Slashing.
18:32 of 1st period - Samuel Pahlsson wins face-off versus Joe Pavelski in Ducks zone.
18:41 of 1st period - Shot by Pierre-Marc Bouchard.
18:41 of 1st period - Shot Blocked by Hal Gill.
18:43 of 1st period - Shot by Joe Pavelski.
18:43 of 1st period - Shot Misses the Net.
18:45 of 1st period - Shot by Sergei Fedorov.
18:45 of 1st period - Deflect By Joe Pavelski.
18:45 of 1st period - Shot Blocked by Samuel Pahlsson.
18:47 of 1st period - Shot by Pierre-Marc Bouchard.
18:47 of 1st period - Shot Misses the Net.
18:49 of 1st period - Shot by Joe Pavelski.
18:49 of 1st period - Shot Misses the Net.
19:27 of 1st period - Shot by Erik Christensen.
19:27 of 1st period - Stopped by Jean-Sebastien Giguere without a rebound.
19:28 of 1st period - Robert Lang wins face-off versus Todd Marchant in Ducks zone.
19:53 of 1st period - Shot by Ed Jovanovski.
19:53 of 1st period - Shot Misses the Net.
19:55 of 1st period - Shot by Kevin Bieksa.
19:55 of 1st period - Stopped by Jean-Sebastien Giguere with a rebound.
19:57 of 1st period - Shot by Robert Lang.
19:57 of 1st period - Shot Blocked by Hal Gill.

Period #2

0:01 of 2nd period - Todd Marchant wins face-off versus Joe Pavelski in neutral zone.
0:27 of 2nd period - Shot by Travis Green.
0:27 of 2nd period - Stopped by Evgeni Nabokov without a rebound.
0:28 of 2nd period - Robert Lang wins face-off versus Todd Marchant in Canucks zone.
0:28 of 2nd period - Robert Lang is hit by Mike Fisher.
0:56 of 2nd period - Shot by Richard Park.
0:56 of 2nd period - Stopped by Jean-Sebastien Giguere with a rebound.
1:00 of 2nd period - Shot by Radek Bonk.
1:00 of 2nd period - Shot Misses the Net.
1:09 of 2nd period - Icing by Bryan Allen.
1:10 of 2nd period - Stephen Weiss wins face-off versus Andy Mcdonald in Ducks zone.
1:40 of 2nd period - Erik Christensen is hit by Mike Fisher and loses puck.
2:11 of 2nd period - Shot by Chris Kunitz.
2:11 of 2nd period - Shot Misses the Net.
2:15 of 2nd period - Shot by Chris Kunitz.
2:15 of 2nd period - Stopped by Evgeni Nabokov without a rebound.
2:16 of 2nd period - Steven Reinprecht wins face-off versus Petr Cajanek in Canucks zone.
2:43 of 2nd period - Icing by Kevin Bieksa.
2:44 of 2nd period - Robert Lang wins face-off versus Paul Stastny in Canucks zone.
2:44 of 2nd period - Robert Lang is hit by Paul Stastny.
2:53 of 2nd period - Minor Penalty to Andrew Brunette for Hooking.
2:54 of 2nd period - Samuel Pahlsson wins face-off versus Robert Lang in Ducks zone.
2:54 of 2nd period - Samuel Pahlsson is hit by Dustin Brown.
4:57 of 2nd period - Shot by Paul Stastny.
4:57 of 2nd period - Shot Blocked by Martin Skoula.
5:14 of 2nd period - Shot by Alexei Kovalev.
5:14 of 2nd period - Shot Blocked by Francois Beauchemin.
5:16 of 2nd period - Shot by Ryan Whitney.
5:16 of 2nd period - Shot Misses the Net.
5:30 of 2nd period - Shot by Chris Kunitz.
5:30 of 2nd period - Shot Blocked by Ryan Whitney.
6:02 of 2nd period - Shot by Richard Park.
6:02 of 2nd period - Shot Misses the Net.
6:15 of 2nd period - Off-side.
6:16 of 2nd period - Petr Cajanek wins face-off versus Stephen Weiss in neutral zone.
6:18 of 2nd period - Off-side.
6:19 of 2nd period - Stephen Weiss wins face-off versus Petr Cajanek in neutral zone.
6:19 of 2nd period - Minor Penalty to Petr Cajanek for Holding.
6:20 of 2nd period - Todd Marchant wins face-off versus Joe Pavelski in neutral zone.
6:40 of 2nd period - Icing by Pierre-Marc Bouchard.
6:41 of 2nd period - Samuel Pahlsson wins face-off versus Joe Pavelski in Canucks zone.
7:19 of 2nd period - Shot by Robert Lang.
7:19 of 2nd period - Shot Misses the Net.
7:21 of 2nd period - Shot by Kevin Bieksa.
7:21 of 2nd period - Shot Blocked by Marek Malik.
7:23 of 2nd period - Shot by Ed Jovanovski.
7:23 of 2nd period - Shot Misses the Net.
7:25 of 2nd period - Shot by Ed Jovanovski.
7:25 of 2nd period - Shot Blocked by Bryan Allen.
7:50 of 2nd period - Icing by Pierre-Marc Bouchard.
7:51 of 2nd period - Samuel Pahlsson wins face-off versus Stephen Weiss in Canucks zone.
7:53 of 2nd period - Travis Green is hit by Sergei Fedorov and loses puck.
8:30 of 2nd period - Shot by Andrew Brunette.
8:30 of 2nd period - Stopped by Evgeni Nabokov without a rebound.
8:31 of 2nd period - Petr Cajanek wins face-off versus Radek Bonk in Canucks zone.
8:45 of 2nd period - Minor Penalty to Dustin Brown for Roughing.
8:46 of 2nd period - Andy Mcdonald wins face-off versus Stephen Weiss in Canucks zone.
9:03 of 2nd period - Radek Bonk is hit by Patrick Marleau and loses puck.
9:51 of 2nd period - Off-side.
9:52 of 2nd period - Chris Kunitz wins face-off versus Stephen Weiss in neutral zone.
10:08 of 2nd period - Icing by Chris Kunitz.
10:09 of 2nd period - Paul Stastny wins face-off versus Radek Bonk in Ducks zone.
10:18 of 2nd period - Shot by Chris Kunitz.
10:18 of 2nd period - Deflect By Andrew Brunette.
10:18 of 2nd period - Shot Misses the Net.
10:27 of 2nd period - Icing by Chris Kunitz.
10:28 of 2nd period - Stephen Weiss wins face-off versus Paul Stastny in Ducks zone.
10:31 of 2nd period - Shot by Richard Park.
10:31 of 2nd period - Shot Blocked by Chris Pronger.
10:33 of 2nd period - Shot by Richard Park.
10:33 of 2nd period - Shot Misses the Net.
10:40 of 2nd period - Icing by Chris Pronger.
10:41 of 2nd period - Paul Stastny wins face-off versus Radek Bonk in Ducks zone.
11:16 of 2nd period - Shot by Petr Cajanek.
11:16 of 2nd period - Shot Misses the Net.
11:18 of 2nd period - Shot by Marek Malik.
11:18 of 2nd period - Goal by Marek Malik - Canucks : 1 - Ducks : 1.
11:19 of 2nd period - Andy Mcdonald wins face-off versus Robert Lang in neutral zone.
11:28 of 2nd period - Shot by Alexei Kovalev.
11:28 of 2nd period - Stopped by Jean-Sebastien Giguere without a rebound.
11:29 of 2nd period - Radek Bonk wins face-off versus Patrick Marleau in Ducks zone.
11:42 of 2nd period - Shot by Andy Mcdonald.
11:42 of 2nd period - Stopped by Evgeni Nabokov without a rebound.
11:43 of 2nd period - Joe Pavelski wins face-off versus Petr Cajanek in Canucks zone.
11:55 of 2nd period - Icing by Hal Gill.
11:56 of 2nd period - Radek Bonk wins face-off versus Petr Cajanek in Ducks zone.
12:04 of 2nd period - Shot by Petr Cajanek.
12:04 of 2nd period - Stopped by Evgeni Nabokov without a rebound.
12:05 of 2nd period - Robert Lang wins face-off versus Andy Mcdonald in Canucks zone.
12:05 of 2nd period - Robert Lang is hit by Bryan Allen.
12:06 of 2nd period - Minor Penalty to Mike Fisher for Holding.
12:07 of 2nd period - Todd Marchant wins face-off versus Robert Lang in Canucks zone.
12:07 of 2nd period - Patrick Marleau is hit by Erik Christensen and loses puck.
12:33 of 2nd period - Shot by Kevin Bieksa.
12:33 of 2nd period - Stopped by Jean-Sebastien Giguere without a rebound.
12:34 of 2nd period - Samuel Pahlsson wins face-off versus Joe Pavelski in Ducks zone.
12:57 of 2nd period - Shot by Patrick Marleau.
12:57 of 2nd period - Shot Misses the Net.
13:01 of 2nd period - Shot by Patrick Marleau.
13:01 of 2nd period - Stopped by Evgeni Nabokov with a rebound.
13:39 of 2nd period - Icing by Dustin Brown.
13:40 of 2nd period - Todd Marchant wins face-off versus Robert Lang in Canucks zone.
14:11 of 2nd period - Shot by Paul Stastny.
14:11 of 2nd period - Shot Blocked by Lukas Krajicek.
14:24 of 2nd period - Minor Penalty to Francois Beauchemin for Hooking.
14:25 of 2nd period - Joe Pavelski wins face-off versus Todd Marchant in Ducks zone.
14:50 of 2nd period - Shot by Sergei Fedorov.
14:50 of 2nd period - Stopped by Jean-Sebastien Giguere without a rebound.
14:51 of 2nd period - Samuel Pahlsson wins face-off versus Robert Lang in Ducks zone.
15:13 of 2nd period - Shot by Dustin Brown.
15:13 of 2nd period - Shot Misses the Net.
15:15 of 2nd period - Shot by Robert Lang.
15:15 of 2nd period - Deflect By Dustin Brown.
15:15 of 2nd period - Stopped by Jean-Sebastien Giguere without a rebound.
15:16 of 2nd period - Todd Marchant wins face-off versus Joe Pavelski in Ducks zone.
15:44 of 2nd period - Off-side.
15:45 of 2nd period - Dustin Brown wins face-off versus Todd Marchant in neutral zone.
16:42 of 2nd period - Shot by Richard Park.
16:42 of 2nd period - Shot Misses the Net.
16:44 of 2nd period - Shot by Lukas Krajicek.
16:44 of 2nd period - Shot Blocked by Andy Mcdonald.
16:46 of 2nd period - Shot by Richard Park.
16:46 of 2nd period - Stopped by Jean-Sebastien Giguere without a rebound.
16:47 of 2nd period - Joe Pavelski wins face-off versus Andrew Brunette in Ducks zone.
16:47 of 2nd period - Ryan Whitney is hit by Chris Kunitz and loses puck.
16:56 of 2nd period - Shot by Alexei Kovalev.
16:56 of 2nd period - Deflect By Brad Richardson.
16:56 of 2nd period - Shot Blocked by Paul Stastny.
16:58 of 2nd period - Shot by Joe Pavelski.
16:58 of 2nd period - Shot Misses the Net.
17:19 of 2nd period - Alexei Kovalev is hit by Chris Kunitz and loses puck.
17:29 of 2nd period - Icing by Paul Stastny.
17:30 of 2nd period - Paul Stastny wins face-off versus Radek Bonk in Ducks zone.
18:29 of 2nd period - Shot by Robert Lang.
18:29 of 2nd period - Shot Misses the Net.
18:31 of 2nd period - Shot by Robert Lang.
18:31 of 2nd period - Stopped by Jean-Sebastien Giguere without a rebound.
18:32 of 2nd period - Andy Mcdonald wins face-off versus Stephen Weiss in Ducks zone.
18:32 of 2nd period - Andy Mcdonald is hit by Stephen Weiss.
18:59 of 2nd period - Andy Mcdonald is hit by Sergei Fedorov and loses puck.
19:05 of 2nd period - Minor Penalty to Sergei Fedorov for Hooking.
19:06 of 2nd period - Andrew Brunette wins face-off versus Radek Bonk in Canucks zone.

Period #3

0:01 of 3rd period - Andy Mcdonald wins face-off versus Radek Bonk in neutral zone.
0:08 of 3rd period - Shot by Andy Mcdonald.
0:08 of 3rd period - Goal by Andy Mcdonald - Canucks : 1 - Ducks : 2.
0:09 of 3rd period - Paul Stastny wins face-off versus Stephen Weiss in neutral zone.
0:22 of 3rd period - Shot by Paul Stastny.
0:22 of 3rd period - Stopped by Evgeni Nabokov without a rebound.
0:23 of 3rd period - Andy Mcdonald wins face-off versus Robert Lang in Canucks zone.
0:34 of 3rd period - Shot by Mike Fisher.
0:34 of 3rd period - Stopped by Evgeni Nabokov without a rebound.
0:35 of 3rd period - Radek Bonk wins face-off versus Paul Stastny in Canucks zone.
0:35 of 3rd period - Radek Bonk is hit by Paul Stastny.
0:42 of 3rd period - Shot by Andrew Brunette.
0:42 of 3rd period - Shot Blocked by Anders Eriksson.
0:45 of 3rd period - Chris Kunitz is hit by Richard Park and loses puck.
1:27 of 3rd period - Major Penalty to Chris Kunitz for Kneeing.
1:28 of 3rd period - Todd Marchant wins face-off versus Joe Pavelski in Ducks zone.
1:28 of 3rd period - Todd Marchant is hit by Joe Pavelski.
2:37 of 3rd period - Shot by Dustin Brown.
2:37 of 3rd period - Stopped by Jean-Sebastien Giguere without a rebound.
2:38 of 3rd period - Samuel Pahlsson wins face-off versus Robert Lang in Ducks zone.
2:51 of 3rd period - Shot by Ed Jovanovski.
2:51 of 3rd period - Stopped by Jean-Sebastien Giguere without a rebound.
2:52 of 3rd period - Samuel Pahlsson wins face-off versus Joe Pavelski in Ducks zone.
4:06 of 3rd period - Chris Pronger is hit by Erik Christensen and loses puck.
4:11 of 3rd period - Shot by Ed Jovanovski.
4:11 of 3rd period - Shot Blocked by Hal Gill.
4:13 of 3rd period - Shot by Erik Christensen.
4:13 of 3rd period - Shot Blocked by Hal Gill.
4:15 of 3rd period - Shot by Erik Christensen.
4:15 of 3rd period - Shot Misses the Net.
4:17 of 3rd period - Shot by Robert Lang.
4:17 of 3rd period - Stopped by Jean-Sebastien Giguere without a rebound.
4:18 of 3rd period - Robert Lang wins face-off versus Todd Marchant in Ducks zone.
4:19 of 3rd period - Shot by Ed Jovanovski.
4:19 of 3rd period - Shot Misses the Net.
4:31 of 3rd period - Shot by Robert Lang.
4:31 of 3rd period - Stopped by Jean-Sebastien Giguere without a rebound.
4:32 of 3rd period - Samuel Pahlsson wins face-off versus Robert Lang in Ducks zone.
6:18 of 3rd period - Shot by Sergei Fedorov.
6:18 of 3rd period - Goal by Sergei Fedorov - Canucks : 2 - Ducks : 2.
6:19 of 3rd period - Samuel Pahlsson wins face-off versus Alexei Kovalev in neutral zone.
6:25 of 3rd period - Icing by Ryan Whitney.
6:26 of 3rd period - Alexei Kovalev wins face-off versus Patrick Marleau in Canucks zone.
6:35 of 3rd period - Shot by Radek Bonk.
6:35 of 3rd period - Shot Misses the Net.
6:37 of 3rd period - Shot by Richard Park.
6:37 of 3rd period - Deflect By Radek Bonk.
6:37 of 3rd period - Shot Blocked by Paul Stastny.
6:39 of 3rd period - Shot by Radek Bonk.
6:39 of 3rd period - Deflect By Dustin Brown.
6:39 of 3rd period - Stopped by Jean-Sebastien Giguere without a rebound.
6:40 of 3rd period - Petr Cajanek wins face-off versus Radek Bonk in Ducks zone.
6:40 of 3rd period - Petr Cajanek is hit by Dustin Brown.
6:43 of 3rd period - Tuomo Ruutu is hit by Dustin Brown and loses puck.
6:59 of 3rd period - Shot by Dustin Brown.
6:59 of 3rd period - Stopped by Jean-Sebastien Giguere without a rebound.
7:00 of 3rd period - Patrick Marleau wins face-off versus Joe Pavelski in Ducks zone.
7:02 of 3rd period - Icing by Scott Niedermayer.
7:03 of 3rd period - Joe Pavelski wins face-off versus Andy Mcdonald in Ducks zone.
7:03 of 3rd period - Ryan Whitney is hit by Mike Fisher and loses puck.
7:10 of 3rd period - Shot by Patrick Marleau.
7:10 of 3rd period - Shot Misses the Net.
7:12 of 3rd period - Shot by Scott Niedermayer.
7:12 of 3rd period - Shot Misses the Net.
7:23 of 3rd period - Icing by Ryan Whitney.
7:24 of 3rd period - Paul Stastny wins face-off versus Joe Pavelski in Canucks zone.
7:24 of 3rd period - Paul Stastny is hit by Alexei Kovalev.
7:34 of 3rd period - Shot by Ryan Whitney.
7:34 of 3rd period - Shot Misses the Net.
7:47 of 3rd period - Icing by Ryan Whitney.
7:48 of 3rd period - Petr Cajanek wins face-off versus Joe Pavelski in Canucks zone.
7:48 of 3rd period - Petr Cajanek is hit by Martin Skoula.
7:58 of 3rd period - Shot by Tuomo Ruutu.
7:58 of 3rd period - Goal by Tuomo Ruutu - Canucks : 2 - Ducks : 3.
7:59 of 3rd period - Andy Mcdonald wins face-off versus Radek Bonk in neutral zone.
8:03 of 3rd period - Off-side.
8:04 of 3rd period - Petr Cajanek wins face-off versus Radek Bonk in neutral zone.
9:15 of 3rd period - Shot by Andy Mcdonald.
9:15 of 3rd period - Stopped by Evgeni Nabokov without a rebound.
9:16 of 3rd period - Stephen Weiss wins face-off versus Paul Stastny in Canucks zone.
9:16 of 3rd period - Stephen Weiss is hit by Andrew Brunette.
10:43 of 3rd period - Shot by Patrick Marleau.
10:43 of 3rd period - Shot Blocked by Ed Jovanovski.
10:47 of 3rd period - Shot by Patrick Marleau.
10:47 of 3rd period - Stopped by Evgeni Nabokov with a rebound.
10:49 of 3rd period - Shot by Andy Mcdonald.
10:49 of 3rd period - Deflect By Patrick Marleau.
10:49 of 3rd period - Stopped by Evgeni Nabokov with a rebound.
10:51 of 3rd period - Shot by Andy Mcdonald.
10:51 of 3rd period - Stopped by Evgeni Nabokov without a rebound.
10:52 of 3rd period - Petr Cajanek wins face-off versus Radek Bonk in Canucks zone.
11:11 of 3rd period - Shot by Tuomo Ruutu.
11:11 of 3rd period - Shot Misses the Net.
11:17 of 3rd period - Shot by Petr Cajanek.
11:17 of 3rd period - Stopped by Evgeni Nabokov without a rebound.
11:18 of 3rd period - Stephen Weiss wins face-off versus Todd Marchant in Canucks zone.
12:16 of 3rd period - Bryan Allen is hit by Richard Park and loses puck.
12:20 of 3rd period - Icing by Patrick Marleau.
12:21 of 3rd period - Andy Mcdonald wins face-off versus Robert Lang in Ducks zone.
12:21 of 3rd period - Minor Penalty to Steven Reinprecht for Goalie Interference.
12:22 of 3rd period - Radek Bonk wins face-off versus Mike Fisher in Ducks zone.
12:43 of 3rd period - Shot by Mike Fisher.
12:43 of 3rd period - Shot Misses the Net.
12:45 of 3rd period - Shot by Mike Fisher.
12:45 of 3rd period - Shot Misses the Net.
12:47 of 3rd period - Shot by Patrick Marleau.
12:47 of 3rd period - Shot Misses the Net.
12:49 of 3rd period - Shot by Scott Niedermayer.
12:49 of 3rd period - Goal by Scott Niedermayer - Canucks : 2 - Ducks : 4.
12:50 of 3rd period - Paul Stastny wins face-off versus Robert Lang in neutral zone.
12:50 of 3rd period - Paul Stastny is hit by Robert Lang.
12:59 of 3rd period - Shot by Andrew Brunette.
12:59 of 3rd period - Stopped by Evgeni Nabokov with a rebound.
13:13 of 3rd period - Shot by Paul Stastny.
13:13 of 3rd period - Stopped by Evgeni Nabokov without a rebound.
13:14 of 3rd period - Radek Bonk wins face-off versus Petr Cajanek in Canucks zone.
13:14 of 3rd period - Radek Bonk is hit by Petr Cajanek.
13:26 of 3rd period - Shot by Lukas Krajicek.
13:26 of 3rd period - Shot Misses the Net.
13:50 of 3rd period - Minor Penalty to Dustin Brown for Hooking.
13:51 of 3rd period - Radek Bonk wins face-off versus Andy Mcdonald in Canucks zone.
14:13 of 3rd period - Icing by Mike Fisher.
14:14 of 3rd period - Andy Mcdonald wins face-off versus Radek Bonk in Ducks zone.
14:31 of 3rd period - Richard Park is hit by Patrick Marleau and loses puck.
15:16 of 3rd period - Shot by Andrew Brunette.
15:16 of 3rd period - Deflect By Paul Stastny.
15:16 of 3rd period - Shot Misses the Net.
15:20 of 3rd period - Shot by Chris Kunitz.
15:20 of 3rd period - Shot Blocked by Brad Richardson.
15:24 of 3rd period - Shot by Andrew Brunette.
15:24 of 3rd period - Stopped by Evgeni Nabokov without a rebound.
15:25 of 3rd period - Stephen Weiss wins face-off versus Andy Mcdonald in Canucks zone.
15:25 of 3rd period - Stephen Weiss is hit by Bryan Allen.
15:41 of 3rd period - Shot by Andy Mcdonald.
15:41 of 3rd period - Shot Blocked by Stephen Weiss.
15:56 of 3rd period - Mike Sillinger is hit by Erik Christensen and loses puck.
16:00 of 3rd period - Minor Penalty to Sergei Fedorov for Interference.
16:01 of 3rd period - Paul Stastny wins face-off versus Radek Bonk in Canucks zone.
16:04 of 3rd period - Shot by Paul Stastny.
16:04 of 3rd period - Stopped by Evgeni Nabokov with a rebound.
16:26 of 3rd period - Shot by Andrew Brunette.
16:26 of 3rd period - Stopped by Evgeni Nabokov without a rebound.
16:27 of 3rd period - Mike Fisher wins face-off versus Richard Park in Canucks zone.
16:42 of 3rd period - Shot by Andy Mcdonald.
16:42 of 3rd period - Shot Misses the Net.
18:28 of 3rd period - Shot by Tuomo Ruutu.
18:28 of 3rd period - Shot Misses the Net.
18:32 of 3rd period - Shot by Tuomo Ruutu.
18:32 of 3rd period - Shot Misses the Net.
18:57 of 3rd period - Icing by Samuel Pahlsson.
18:58 of 3rd period - Stephen Weiss wins face-off versus Todd Marchant in Ducks zone.
19:01 of 3rd period - Shot by Erik Christensen.
19:01 of 3rd period - Shot Misses the Net.
19:03 of 3rd period - Shot by Sergei Fedorov.
19:03 of 3rd period - Shot Misses the Net.
19:05 of 3rd period - Shot by Stephen Weiss.
19:05 of 3rd period - Stopped by Jean-Sebastien Giguere with a rebound.
19:10 of 3rd period - Icing by Chris Pronger.
19:11 of 3rd period - Todd Marchant wins face-off versus Radek Bonk in Ducks zone.
19:35 of 3rd period - Minor Penalty to Chris Kunitz for Tripping.
19:36 of 3rd period - Todd Marchant wins face-off versus Joe Pavelski in Ducks zone.


Output by the SimonT Hockey Simulator (STHS) for Stephane Roy -- Original Page W3C XHTML 1.0 Valid